 Dungeon Crawl Stone Soup version 0.30-a0-782-ge64f9170bb (webtiles) character file.

Game seed: 7370144731283494301

72 mopl the Ducker (level 4, -2/41 HPs)
             Began as a Gnoll Monk on Mar 3, 2023.
             Succumbed to a gnoll's poison
             ... on level 2 of the Dungeon.
             The game lasted 00:01:20 (1185 turns).

mopl the Ducker (Gnoll Monk)                        Turns: 1185, Time: 00:01:21

Health: -2/41      AC:  5    Str: 13    XL:     4   Next: 25%
Magic:  5/5        EV: 13    Int:  9    God:
Gold:   88         SH:  5    Dex: 14    Spells: 5/5 levels left

rFire   . . .      SeeInvis .    a - +0 mace
rCold   . . .      Faith    .    (no shield)
rNeg    . . .      Spirit   .    f - +0 ring mail
rPois   .          Reflect  +    (no helmet)
rElec   .          Harm     .    (no cloak)
rCorr   .          Rampage  .    (no gloves)
Will    .....                    (no boots)
Stlth   ++                       i - amulet of reflection
HPRegen 0.26/turn                (no ring)
MPRegen 0.09/turn                (no ring)

@: lethally poisoned (-2 -> -14)
A: fangs 1, strong nose, distributed training
a: no special abilities


You were on level 2 of the Dungeon.
You visited 1 branch of the dungeon, and saw 2 of its levels.

You collected 88 gold pieces.

Inventory:

Hand Weapons
 a - a +0 mace (weapon)
Missiles
 k - 3 curare-tipped darts (quivered)
Armour
 f - a +0 ring mail (worn)
Jewellery
 e - a ring of ice
 i - an amulet of reflection (around neck)
Scrolls
 b - a scroll of amnesia {unknown}
 d - a scroll of identify {unknown}
 g - a scroll of brand weapon {unknown}
 h - a scroll of fog {unknown}
 l - 3 scrolls of teleportation {unknown}
Potions
 c - a potion of ambrosia
 j - 2 potions of lignification {unknown}


   Skills:
 + Level 6.6 Fighting
 + Level 1.1 Short Blades
 + Level 1.1 Long Blades
 + Level 1.1 Axes
 + Level 6.6 Maces & Flails
 + Level 1.1 Polearms
 + Level 1.1 Staves
 + Level 1.1 Ranged Weapons
 + Level 1.1 Throwing
 + Level 1.1 Armour
 + Level 6.6 Dodging
 + Level 4.2 Stealth
 + Level 1.1 Shields
 + Level 1.1 Unarmed Combat
 + Level 1.1 Spellcasting
 + Level 0.9 Conjurations
 + Level 0.9 Hexes
 + Level 0.9 Summonings
 + Level 0.9 Necromancy
 + Level 0.9 Translocations
 + Level 0.9 Transmutations
 + Level 0.9 Fire Magic
 + Level 0.9 Ice Magic
 + Level 0.9 Air Magic
 + Level 0.9 Earth Magic
 + Level 0.9 Poison Magic
 + Level 1.2 Invocations
 + Level 1.1 Evocations


You had 5 spell levels left.
You didn't know any spells.
Your spell library contained the following spells:

 Spells                   Type           Power      Damage    Failure   Level
 Magic Dart               Conj           8%         1d3       47%         1
 Sandblast                Erth           4%         2d4       47%         1
 Passwall                 Tmut/Erth      1%         N/A       63%         2
 Searing Ray              Conj           4%         2d4       63%         2
 Stone Arrow              Conj/Erth      4%         3d7       85%         3
 Fulminant Prism          Conj/Hex       1%         3d5       99%         4
 Malign Gateway           Summ/Tloc      1%         N/A       100%        7
 Summon Horrible Things   Summ           1%         N/A       100%        8


Dungeon Overview and Level Annotations

Branches:
Dungeon (2/15)

Altars:
Vehumet


Innate Abilities, Weirdness & Mutations

You have very sharp teeth.
Your uncanny sense of smell can sniff out nearby items.
Your experience applies equally to all skills.


Message History

A gnoll is wielding a +0 halberd of venom.
The gnoll shouts!
The goblin shouts!
The gnoll hits the plant with a +0 flail!
The plant begins to die.
The gnoll shouts!
You thump the goblin!
You kill the goblin!
The gnoll hits you from afar with a +0 halberd of venom!
The gnoll hits you with a +0 halberd of venom!
You are poisoned.
The gnoll hits you from afar with a +0 spear.
You are too injured to fight recklessly!
You are too injured to fight recklessly!
You are too injured to fight recklessly!
You are too injured to fight recklessly!
You are too injured to fight recklessly!
You are too injured to fight recklessly!
You are too injured to fight recklessly!
You are too injured to fight recklessly!
You are too injured to fight recklessly!
You are too injured to fight recklessly!
You are too injured to fight recklessly!
You are too injured to fight recklessly!
You are too injured to fight recklessly!
You are too injured to fight recklessly!
You are too injured to fight recklessly!
You are too injured to fight recklessly!
You are too injured to fight recklessly!
* * * LOW HITPOINT WARNING * * *
You feel very sick.
A nearby plant withers and dies.
The gnoll hits you from afar with a +0 halberd of venom.
* * * LOW HITPOINT WARNING * * *
You are more poisoned.
The gnoll misses you.
* * * LOW HITPOINT WARNING * * *
You feel very sick.
* * * LOW HITPOINT WARNING * * *
You feel very sick.
You die...

.##########......#
#...# .#
#..###.####..##
.###
#...†..........
...#
#.#...>....####.#
...# #.#....##.. #
...#
#.#....)...###
...#
#.#.####......
...# #.#....#....#
#### #.####@# ...#
#.####.#....#
#......#....#
###.)ggg....#.
#.##........
#....P..PP..
###.P....P..
#.P.PP....
#.P.....P.


You could see 3 gnolls.

Vanquished Creatures
  3 adders (D:2)
  A worm (D:2)
  2 bats
  2 endoplasms (D:2)
  A giant cockroach (D:2)
  2 goblins
  7 hobgoblins
  3 kobolds
  4 quokkas
  6 ball pythons
  2 frilled lizards (D:1)
  5 rats
38 creatures vanquished.

Vanquished Creatures (others)
  A plant (D:2)
1 creature vanquished.

Grand Total: 39 creatures vanquished

Notes
Turn   | Place    | Note
-------+----------+-------------------------------------------
     0 | D:1      | mopl the Gnoll Monk began the quest for the Orb.
     0 | D:1      | Reached XP level 1. HP: 23/23 MP: 1/1
   225 | D:1      | Reached XP level 2. HP: 29/29 MP: 2/2
   918 | D:2      | Reached XP level 3. HP: 34/35 MP: 3/3
  1020 | D:2      | Reached skill level 1 in Invocations
  1055 | D:2      | Reached skill level 1 in Short Blades
  1055 | D:2      | Reached skill level 1 in Long Blades
  1055 | D:2      | Reached skill level 1 in Axes
  1055 | D:2      | Reached skill level 1 in Polearms
  1055 | D:2      | Reached skill level 1 in Staves
  1055 | D:2      | Reached skill level 1 in Ranged Weapons
  1055 | D:2      | Reached skill level 1 in Throwing
  1055 | D:2      | Reached skill level 1 in Armour
  1055 | D:2      | Reached skill level 1 in Shields
  1055 | D:2      | Reached skill level 1 in Unarmed Combat
  1055 | D:2      | Reached skill level 1 in Spellcasting
  1055 | D:2      | Reached skill level 1 in Evocations
  1065 | D:2      | Reached XP level 4. HP: 41/41 MP: 5/5
  1072 | D:2      | Found a radiant altar of Vehumet.
  1184 | D:2      | HP: 1/41 [poisoned by a gnoll]
  1185 | D:2      | Succumbed to a gnoll's poison

Illustrated notes

Levels and vault maps discovered:
D:1:      doesnt_arrival_eight_statues, layout_loops_corners
D:2:      layout_basic, basic_altar, minmay_misc_feat_doors,
          nicolae_grassy_gnolls

Skill      XL: |  1  2  3 |
---------------+----------+-----
Invocations    | 1 |  1.2
Short Blades   | 1 |  1.1
Long Blades    | 1 |  1.1
Axes           | 1 |  1.1
Polearms       | 1 |  1.1
Staves         | 1 |  1.1
Ranged Weapons | 1 |  1.1
Throwing       | 1 |  1.1
Armour         | 1 |  1.1
Shields        | 1 |  1.1
Unarmed Combat | 1 |  1.1
Spellcasting   | 1 |  1.1
Evocations     | 1 |  1.1
Fighting       | |  6.6
Maces & Flails | |  6.6
Dodging        | |  6.6
Stealth        | |  4.2
Conjurations   | |  0.9
Hexes          | |  0.9
Summonings     | |  0.9
Necromancy     | |  0.9
Translocations | |  0.9
Transmutations | |  0.9
Fire Magic     | |  0.9
Ice Magic      | |  0.9
Air Magic      | |  0.9
Earth Magic    | |  0.9
Poison Magic   | |  0.9

Action                     |  1- 3 |  4- 6 || total
---------------------------+-------+-------++-------
  Melee: Mace              |    92 |    13 ||   105
         Bite              |     6 |       ||     6
   Stab: Sleeping          |     8 |     1 ||     9
 Armour: Ring mail         |    26 |     2 ||    28
  Dodge: Dodged            |    74 |     4 ||    78
  Block: Other             |     9 |     1 ||    10

Table legend: (Time is in decaauts)
 A = Elapsed time spent in this place.
 B = Non-inter-level travel time spent in this place.
 C = Inter-level travel time spent in this place.
 D = Time resting spent in this place.
 E = Time spent auto-exploring this place.
 F = Levels seen in this place.
 G = Mean time per level.
                   A        B        C        D        E       F      G
               +--------+--------+--------+--------+--------+-----+--------+
         Total |   1192 |   1155 |     37 |      0 |    860 |   2 |  596.0 |
       Dungeon |   1192 |   1155 |     37 |      0 |    860 |   2 |  596.0 |
               +--------+--------+--------+--------+--------+-----+--------+

Top non-repeatable levels by time:
     D:1: 909 daAuts
     D:2: 283 daAuts
